AoeStats
← Huxley

Lombardia

508763683Analyzed
4v4 RM · 7d ago on Sep 24, 2026· 13m 56s· 8 players
Game mode
Random Map
Map size
Large (8 player)
Population
200
Speed
Normal
Resources
Standard
Victory
Conquest
Starting age
Dark Age
Ending age
Imperial Age
RankedLock teamsTeams togetherTeam positionsShared explorationLock speedFull tech treeHidden civsTurbo modeCheats
Victory
Defeat
🇧🇷 Sicilians · Brazil
1264
+14
🇦🇷 Saracens · Argentina
1167
+18
🇦🇹 Varangians · Austria
1160
+18
🇦🇷 Byzantines · Argentina
1159
+40
🇺🇸 Celts · United States
1264
-19
🇲🇽 Malians · Mexico
1246
-18
🇨🇦 Wei · Canada
1208
-17
🇸🇦 Britons · Saudi Arabia
1146
-14
Huxley
Sunday
5:56 Loom
3Zoo_77
American
darkdudu
3:47 Loom
12:22 Feudal Age
Kiwi
5:04 Loom
12:32 Feudal Age
16:23 Castle Age
GranateCampeón
3:59 Loom
Umbekant87
11:05 Feudal Age
14:42 Castle Age
13:23 Loom
Connection lost

Rejoining the realm…

Still unreachable

The connection could not be restored.

Session expired

The server has moved on; the page needs a fresh start.